 Dungeon Crawl Stone Soup version 0.31-a0-200-gbc41564c69 (webtiles) character file.

Game seed: 8434573413167743143

821 qw the Skirmisher (level 7, 0/40 HPs)
             Began as a Deep Elf Hunter on June 25, 2023.
             Slain by Pikel
             ... wielding a +2 whip of flaming
              (5 damage)
             ... on level 5 of the Dungeon.
             The game lasted 00:01:27 (3979 turns).

qw the Skirmisher (Deep Elf Hunter)                 Turns: 3979, Time: 00:01:28

Health: 0/40       AC: 12    Str: 10    XL:     7   Next: 63%
Magic:  9/9        EV:  9    Int: 14    God:
Gold:   211        SH:  0    Dex: 18    Spells: 6/6 levels left

rFire   . . .        Y - +1 shortbow
rCold   . . .        (shield currently unavailable)
rNeg    . . .        m - +3 scale mail
rPois   .            (no helmet)
rElec   .            e - +0 cloak
rCorr   .            h - +0 pair of gloves
SInv    .            j - +0 pair of boots
Will    +....        (no amulet)
Stlth   +            l - ring of willpower
HPRegen 0.26/turn    (no ring)
MPRegen 0.11/turn

%: no passive effects
@: no status effects
A: no striking features
a: no special abilities


You were on level 5 of the Dungeon.
You visited 1 branch of the dungeon, and saw 5 of its levels.

You collected 211 gold pieces.


   Skills:
 - Level 2.0 Fighting
 + Level 11.8 Ranged Weapons
 - Level 1.0 Armour
 - Level 3.2 Dodging
 - Level 1.2 Stealth


You had 6 spell levels left.
You didn't know any spells.
Your spell library was empty.

Inventory:

Hand Weapons
 Y - a +1 shortbow (weapon)
Armour
 c - a scarf of shadows
 e - a +0 cloak (worn)
 h - a +0 pair of gloves (worn)
 j - a +0 pair of boots (worn)
 m - a +3 scale mail (worn)
Jewellery
 l - a ring of willpower (left hand)
Scrolls
 b - 2 scrolls of identify
Potions
 a - a potion of brilliance {unknown}
 d - a potion of might
 f - a potion of berserk rage {unknown}
 i - 2 potions of degeneration {unknown}
 k - a potion of curing

Dungeon Overview and Level Annotations

Branches:
Dungeon (5/15)
 Temple: D:4-7

Altars:
Trog
Uskayaw

Shops:
D:1 !

Annotations:
D:5 2 transporters, Pikel; qw's ghost, novice GrHu


Message History

The lemure is heavily wounded.
The lemure hits you. Pikel barely misses you.
You shoot an arrow. The arrow closely misses the lemure.
The lemure hits you but does no damage.
Pikel hits you with a +2 whip of flaming.
Pikel burns you. The lemure closely misses you.
You shoot an arrow.
The arrow hits the lemure but does no damage.
The lemure is heavily wounded.
The lemure completely misses you. The lemure barely misses you.
Pikel barely misses you.
You shoot an arrow. The arrow hits the lemure!
The lemure is severely wounded.
The lemure closely misses you. The lemure hits you.
Pikel hits you with a +2 whip of flaming.
Pikel burns you.
You shoot an arrow. The arrow hits the lemure.
The lemure is almost dead.
The lemure hits you but does no damage. x2
Pikel hits you with a +2 whip of flaming.
Pikel burns you.
You shoot an arrow. The arrow closely misses the lemure.
The lemure hits you but does no damage. The lemure closely misses you.
Pikel hits you with a +2 whip of flaming!
Pikel burns you.
You shoot an arrow. The arrow barely misses the lemure.
The lemure barely misses you. The lemure hits you but does no damage.
Pikel barely misses you.
You shoot an arrow. The arrow hits the lemure.
You kill the lemure!
That felt strangely unrewarding.
Pikel hits you but does no damage.
You shoot an arrow. The arrow closely misses Pikel.
The arrow closely misses the lemure.
The lemure closely misses you. Pikel barely misses you.
You shoot an arrow.
The arrow hits Pikel but does no damage.
The lemure hits you but does no damage. The lemure hits you.
Pikel hits you with a +2 whip of flaming.
You die...

..............#8.#..
#..............#W..#
...............#yo...
..........<...^#....^
...#....####..#f....
. ##...# ...#...#.
... ##..##....#8.#.
#..##.......##^.
#..K@.......###
##.55........
.........#....
...##......# ... #$
.......# .. #
..##....# # ..#
.....# ..# .#...#


You could see Pikel and 2 lemures.

Vanquished Creatures
  Sigmund (D:3)
  An ice beast (D:4)
  A black bear (D:5)
  2 lemures (D:5)
  A phantom (D:5)
  A centaur zombie (D:5)
  2 bullfrog zombies (D:5)
  An orc priest (D:3)
  3 hounds (D:4)
  2 scorpion zombies (D:5)
  An orc wizard (D:3)
  3 gnolls (D:5)
  A white imp (D:4)
  A worm (D:3)
  2 dart slugs
  5 orcs (D:3)
  7 ball pythons
  5 bats
  6 endoplasms
  3 giant cockroaches
  10 goblins
  4 hobgoblins
  3 jackals (D:2)
  7 quokkas
  3 frilled lizards (D:1)
  8 kobolds
  3 rats
87 creatures vanquished.

Notes
Turn   | Place    | Note
-------+----------+-------------------------------------------
     0 | D:1      | qw the Deep Elf Hunter began the quest for the Orb.
     0 | D:1      | Reached XP level 1. HP: 12/12 MP: 3/3
     0 | D:1      | 0 ||| qw: Version: 0.3-a-22-g0ed2b0b
     0 | D:1      | 0 ||| qw: Game counter: 5515
     0 | D:1      | 0 ||| qw: Melee chars always use a shield: true
     0 | D:1      | 0 ||| qw: God list: Okawaru
     0 | D:1      | 0 ||| qw: Allow faded altars: false
     0 | D:1      | 0 ||| qw: Do Orc after clearing Dungeon:15 true
     0 | D:1      | 0 ||| qw: Do second Lair branch before Depths: true
     0 | D:1      | 0 ||| qw: Lair rune preference: random
     0 | D:1      | 0 ||| qw: Goals: Normal
     0 | D:1      | 0 ||| PLANNING D:1-11
    88 | D:1      | Reached XP level 2. HP: 16/16 MP: 4/4
    92 | D:1      | Reached skill level 6 in Ranged Weapons
   100 | D:1      | Found Sutun's Distillery.
   103 | D:1      | 103 ||| SHOPLISTING potion of curing (39 gold, have 0).
   103 | D:1      | 103 ||| SHOPLISTING potion of heal wounds (65 gold, have
                  | 0).
   103 | D:1      | 103 ||| SHOPLISTING potion of mutation (104 gold, have 0).
   107 | D:1      | Found a faded altar of an unknown god.
   661 | D:1      | Reached XP level 3. HP: 19/20 MP: 5/5
   662 | D:1      | 662 ||| FLEEEEING.
   663 | D:1      | 663 ||| FLEEEEING.
   666 | D:1      | 666 ||| FLEEEEING.
   784 | D:1      | 784 ||| UPGRADING to +0 cloak.
   789 | D:1      | 789 ||| UPGRADING to +0 ring mail.
   799 | D:1      | 799 ||| DROPPING +0 leather armour.
   800 | D:1      | 800 ||| UPGRADING to +0 pair of gloves.
   805 | D:1      | 805 ||| UPGRADING to +0 pair of boots.
   810 | D:1      | 810 ||| READING scroll labelled JOIMYMP IREVI.
   811 | D:1      | 811 ||| DROPPING scroll of butterflies.
  1100 | D:2      | Reached skill level 7 in Ranged Weapons
  1455 | D:2      | 1455 ||| UPGRADING to ring of willpower.
  1456 | D:2      | 1456 ||| READING scroll labelled DAR NEPPINY.
  1457 | D:2      | 1457 ||| READING 3 scrolls labelled IXORUT VOARAY.
  1458 | D:2      | 1458 ||| READING scroll labelled SEBREO LOINEN.
  1459 | D:2      | 1459 ||| READING 2 scrolls of identify.
  1459 | D:2      | 1459 ||| IDENTIFYING fuming dark potion
  1460 | D:2      | 1460 ||| DROPPING potion of magic.
  1490 | D:3      | Found a hide-covered altar of Uskayaw.
  1826 | D:3      | Reached XP level 4. HP: 25/25 MP: 6/6
  1845 | D:3      | Noticed Sigmund
  1856 | D:3      | Killed Sigmund
  1857 | D:3      | Reached skill level 9 in Ranged Weapons
  1857 | D:3      | Reached XP level 5. HP: 17/29 MP: 7/7
  2111 | D:3      | Reached skill level 1 in Armour
  2123 | D:3      | Reached XP level 6. HP: 10/35 MP: 8/8
  2236 | D:3      | Found a bloodstained altar of Trog.
  2788 | D:3      | 2788 ||| UPGRADING to +3 scale mail.
  2798 | D:3      | 2798 ||| DROPPING +0 ring mail.
  2799 | D:3      | 2799 ||| READING scroll labelled LUPSAOQARIM.
  2800 | D:3      | 2800 ||| READING 2 scrolls labelled WOPTAY HOALYE.
  2801 | D:3      | 2801 ||| DRINKING 2 viscous inky potions.
  2802 | D:3      | 2802 ||| READING 2 scrolls of identify.
  2802 | D:3      | 2802 ||| IDENTIFYING viscous red potion
  2803 | D:3      | 2803 ||| DROPPING scroll of revelation.
  2938 | D:4      | Noticed an ice beast
  2946 | D:4      | HP: 7/35 [ice beast (9)]
  2953 | D:4      | Killed an ice beast
  2954 | D:4      | Reached skill level 10 in Ranged Weapons
  3729 | D:5      | Entered Level 5 of the Dungeon
  3775 | D:5      | Reached XP level 7. HP: 39/40 MP: 9/9
  3823 | D:5      | Reached skill level 11 in Ranged Weapons
  3861 | D:5      | Reached skill level 3 in Dodging
  3944 | D:5      | Found a transporter.
  3947 | D:5      | Noticed qw's ghost (novice GrHu)
  3952 | D:5      | Found a transporter.
  3963 | D:5      | Noticed Pikel
  3975 | D:5      | HP: 10/40 [Pikel/+2 whip of flaming (12)]
  3979 | D:5      | Slain by Pikel

Levels and vault maps discovered:
D:1:      zaba_arrival_water, layout_loops_cross,
          ebering_ecumenical_altar_ruins, serial_shops, shop,
          lemuel_flame_loot_1
D:2:      layout_loops_ring
D:3:      layout_basic, mainiacjoe_overflow_surrounded_room, old_standard_altar,
          grunt_decor_clamped, nrook_mini_backslash,
          chequers_serial_rivers_small_b, uniq_sigmund
D:4:      layout_cave_pods, minmay_misc_feat_doors
D:5:      layout_basic, minmay_temple_entry_waves, serial_undead,
          serial_undead_e, serial_undead_b, serial_undead_e, serial_undead_a,
          gammafunk_ghost_arena, uniq_pikel, uniq_blork_the_orc

Skill      XL: |  1  2  3  4  5  6  7 |
---------------+----------------------+-----
Ranged Weapons | 6 7 9 10 11 | 11.8
Armour         | 1 |  1.0
Fighting       | 2 |  2.0
Dodging        | 3 |  3.2
Stealth        | |  1.2

Action                     |  1- 3 |  4- 6 |  7- 9 || total
---------------------------+-------+-------+-------++-------
   Fire: Shortbow          |   130 |   130 |    85 ||   345
    Use: Scroll            |     5 |     3 |       ||     8
         Potion            |       |     1 |       ||     1
 Armour: Leather armour    |     6 |       |       ||     6
         Ring mail         |     7 |     6 |       ||    13
         Scale mail        |       |    30 |    33 ||    63
  Dodge: Dodged            |    17 |    30 |    24 ||    71

Table legend:
 A = Non-vault XP
 B = Vault XP
 C = Vault XP percentage of total XP
 D = Non-vault monster count
 E = Vault monster count
 F = Vault count percentage of total count
                 A         B        C        D         E       F
            +---------+---------+-------+---------+---------+-------
      Total |     635 |     539 |  45.9 |      78 |       7 |   8.2
            +---------+---------+-------+---------+---------+-------
        D:1 |      44 |       0 |   0.0 |      25 |       0 |   0.0
        D:2 |      25 |       0 |   0.0 |      14 |       0 |   0.0
        D:3 |     122 |     231 |  65.4 |      23 |       1 |   4.2
        D:4 |     274 |       0 |   0.0 |      11 |       0 |   0.0
        D:5 |     170 |     308 |  64.4 |       5 |       6 |  54.5
            +---------+---------+-------+---------+---------+-------
